AoeStats
← El oso rulo

Oasis

507404727Analyzed
2v2 RM · 15d ago on Sep 18, 2026· 24m 53s· 4 players
Game mode
Random Map
Map size
Medium (4 player)
Population
200
Speed
Normal
Resources
Standard
Victory
Conquest
Starting age
Dark Age
Ending age
Imperial Age
RankedLock teamsTeams togetherTeam positionsShared explorationLock speedFull tech treeHidden civsTurbo modeCheats
Victory
Defeat
🇦🇷 Magyars · Argentina
1097
+17
🇦🇷 Khmer · Argentina
1094
+17
🇦🇷 Dravidians · Argentina
1160
-19
🇵🇰 Celts · Pakistan
1080
-15
cfbarragan
4:40 Loom
10:23 Feudal Age
11:11 Double-Bit Axe
11:09 Horse Collar
19:26 Bloodlines
21:43 Scale Barding Armor
24:40 Wheelbarrow
El oso rulo
2:41 Loom
12:37 Feudal Age
13:22 Town Watch
16:01 Castle Age
14:17 Town Watch
14:55 Town Watch
17:01 Town Watch
18:27 Double-Bit Axe
18:28 Town Watch
23:22 Bow Saw
24:20 Wheelbarrow
25:04 Town Patrol
TikiTiki95
8:09 Loom
11:16 Feudal Age
12:11 Double-Bit Axe
12:20 Gold Mining
12:59 Horse Collar
19:33 Castle Age
18:02 Forging
17:51 Man-at-Arms
18:33 Scale Mail Armor
20:39 Pikeman
22:10 Iron Casting
NSN WAJID
7:22 Loom
14:47 Feudal Age
Connection lost

Rejoining the realm…

Still unreachable

The connection could not be restored.

Session expired

The server has moved on; the page needs a fresh start.